 Dungeon Crawl Stone Soup version 0.28.0-53-g5a82cb258f (webtiles) character file.

Game seed: 14353432127579131308

72 firemarshallily the Slasher (level 4, 0/52 HPs)
             Began as a Demonspawn Gladiator on June 10, 2022.
             Slain by a bat (1 damage)
             ... on level 2 of the Dungeon.
             The game lasted 00:02:39 (1008 turns).

firemarshallily the Slasher (Demonspawn Gladiator)  Turns: 1008, Time: 00:02:40

Health: 0/52       AC: 22    Str: 17    XL:     4   Next: 7%
Magic:  4/4        EV:  2    Int:  9    God:
Gold:   27         SH:  0    Dex: 14    Spells: 3/3 levels left

rFire   . . .      SeeInvis .   a - +0 long sword
rCold   . . .      Faith    .   (no shield)
rNeg    . . .      Spirit   .   (armour currently unavailable)
rPois   +          Reflect  .   (helmet currently unavailable)
rElec   .          Harm     .   (cloak currently unavailable)
rCorr   .          Rampage  .   (gloves currently unavailable)
Will    .....      NoTele   +   (boots currently unavailable)
Stlth   +.........              (no amulet)
HPRegen 0.17/turn               (no ring)
MPRegen 0.09/turn               (no ring)

@: tree-form
A: stationary, stasis, torment immunity, boosted hp, (yellow scales 2)
a: no special abilities


You were on level 2 of the Dungeon.
You were a tree.
You visited 1 branch of the dungeon, and saw 2 of its levels.

You collected 27 gold pieces.

Inventory:

Hand Weapons
 a - a +0 long sword (weapon)
Missiles
 d - 3 throwing nets
 f - 58 stones (quivered)
Armour
 b - a +0 leather armour (melded)
 c - a +0 helmet (melded)
 h - a +2 pair of gloves (melded)


   Skills:
 * Level 3.1 Fighting
 * Level 3.5 Long Blades
 - Level 2.0 Throwing
 - Level 3.0 Dodging


You had 3 spell levels left.
You didn't know any spells.
Your spell library was empty.

Dungeon Overview and Level Annotations

Branches:
Dungeon (2/15)

Altars:


Innate Abilities, Weirdness & Mutations

You are a tree.
Your roots penetrate the ground, keeping you stationary.
You cannot be teleported.
You are immune to unholy pain and torment.
Your maximum health is greatly increased.
Your equipment is partially melded.
((You are mostly covered in yellow scales. (AC +3)))


Message History

The goblin hits you but does no damage. The adder bites you but does no damage.
You barely miss the adder.
The adder is moderately wounded.
You feel sick.
A bat comes into view.
The goblin hits you but does no damage. The adder bites you but does no damage.
You miss the adder.
The adder is moderately wounded.
You feel sick. The adder bites you but does no damage.
The goblin hits you but does no damage. The adder barely misses you.
You barely miss the adder.
The adder is moderately wounded.
You feel sick.
You are no longer poisoned.
The goblin hits you but does no damage. The adder bites you but does no damage.
The goblin hits you but does no damage. x2
You slash the adder!
You kill the adder!
The goblin hits you but does no damage. x2
The bat hits you but does no damage. The goblin hits you but does no damage.
The goblin hits you with a +0 dagger.
* * * LOW HITPOINT WARNING * * *
You have reached level 4!
You feel stronger.
You hit the goblin but do no damage. The bat hits you but does no damage.
The goblin hits you with a +0 club.
* * * LOW HITPOINT WARNING * * *
The goblin completely misses you. The bat hits you but does no damage.
The goblin hits you with a +0 dagger.
* * * LOW HITPOINT WARNING * * *
As you read the scroll labelled EFFAN GAEPTOE, it crumbles to dust.
The creatures around you are filled with an inner flame!
It was a scroll of immolation.
The bat hits you but does no damage. x2
The goblin hits you but does no damage. The goblin barely misses you.
The goblin hits you with a +0 dagger.
* * * LOW HITPOINT WARNING * * *
The bat hits you.
* * * LOW HITPOINT WARNING * * *
The bat hits you.
You die...

###..###......##
........#..#.#. #
.......#....## ###.
#..# #........ ...#
#..# ##...#### .##...
##..## ##..# ).....#
##....####..#
#..g##..##..##..#####
#..b♣†...............
####gg###############
#.## .... ####


You could see 3 goblins and a bat (inner flame).

Vanquished Creatures
  Robin (D:2)
  An adder (D:2)
  A worm (D:2)
  3 ball pythons (D:1)
  6 bats
  3 endoplasms
  10 goblins
  2 hobgoblins (D:1)
  6 jackals (D:1)
  A quokka (D:1)
  A frilled lizard (D:1)
  5 kobolds
  4 rats
44 creatures vanquished.

Notes
Turn   | Place    | Note
-------+----------+-------------------------------------------
     0 | D:1      | firemarshallily the Demonspawn Gladiator began the quest
                  | for the Orb.
     0 | D:1      | Reached XP level 1. HP: 16/16 MP: 1/1
   138 | D:1      | Noticed a servant of whispers
   138 | D:1      | Noticed a basilisk
   139 | D:1      | Noticed a centaur
   180 | D:1      | Gained mutation: You are partially covered in yellow
                  | scales. (AC +2) [demonic ancestry]
   180 | D:1      | Reached XP level 2. HP: 22/22 MP: 2/2
   484 | D:1      | Gained mutation: You are mostly covered in yellow scales.
                  | (AC +3) [demonic ancestry]
   484 | D:1      | Reached XP level 3. HP: 28/28 MP: 3/3
   890 | D:2      | Noticed Robin
   900 | D:2      | Killed Robin
  1006 | D:2      | Reached XP level 4. HP: 6/35 MP: 4/4
  1007 | D:2      | HP: 2/52 [goblin/+0 dagger (1)]
  1008 | D:2      | Slain by a bat

Illustrated notes

Levels and vault maps discovered:
D:1:      onia_arrival_zoo_common, layout_loops_ring, minmay_tromino_i2
D:2:      layout_basic, palyth_stone_intersect, nrook_campfire,
          kennysheep_pointless_box, uniq_robin

Skill      XL: |  1  2  3 |
---------------+----------+-----
Throwing       | 2 |  2.0
Long Blades    | 3 |  3.5
Dodging        | 3 |  3.0
Fighting       | 3 |  3.1

Action                   |  1- 3 |  4- 6 || total
-------------------------+-------+-------++-------
Melee: Long sword        |   109 |     1 ||   110
       Punch             |     1 |       ||     1
  Use: Scroll            |     1 |     1 ||     2
       Potion            |     1 |       ||     1
Armor: Leather armour    |    47 |       ||    47
       Skin              |    14 |     5 ||    19
Dodge: Dodged            |    62 |     2 ||    64
